cohdb
Replays
Latest Replays
All Replays
Popular Replays
Top Player Replays
Match Explorer
How It Works
Community
CoH3 Stats
Reddit
Sign in to upload your games and track your stats! →
Sign in with Steam
FeriG vs DevM with new battlegroups
Match 39556036
Overview
Messages
Build Orders
End
Construct Barracks
Riflemen Squad
Riflemen Squad
Selects Heavy Weapons
Riflemen Squad
Construct Weapon Support Center
M1919 Machine Gun Team
Selects M2HB .50cal Heavy Machine Gun
Construct Medical Station
Engineer Squad
Grenade Package
M1919 Machine Gun Team
Selects Assault Carriers
Bazooka Squad
Infantry Support Center
Selects Exchangeable Parts
Bazooka Squad
Improved M9 Bazooka Rockets
Bazooka Squad
Advanced Logistics
Selects M26 Pershing Heavy Tank
M26 Pershing Heavy Tank
Construct Tank Depot
Selects Gallant Stand
M4A1 Sherman Medium Tank
Selects Black Dragon Artillery Barrage
Black Dragon Artillery Barrage
Bazooka Squad
M26 Pershing Heavy Tank
Black Dragon Artillery Barrage
M1919 Machine Gun Team
Miguel
FeriG
0
0
Comments
sign in to comment!
No comments posted yet!